 Dungeon Crawl Stone Soup version 0.15-a0-411-g153a95e (console) character file.

419 xw the Chopper (level 5, -20/32 HPs)
             Began as a Gargoyle Fighter on May 4, 2014.
             Demolished by an ogre
             ... wielding a +0,+0 giant club
              (26 damage)
             ... on Level 4 of the Dungeon.
             The game lasted 00:01:28 (2944 turns).

xw the Chopper (Gargoyle Fighter)                   Turns: 2944, Time: 00:01:28

HP -20/32        AC 10     Str 20      XL: 5   Next: 49%
MP   5/5         EV  6     Int  8      God:
Gold 251         SH 18     Dex 10      Spells:  0 memorised,  4 levels left

rFire  . . .     SeeInvis .     Y - +1 war axe {mapnotes,}
rCold  . . .     Clarity  .     b - +0 scale mail
rNeg   + . .     Conserve .     c - +0 shield
rPois  +         rCorr    .     (no helmet)
rElec  +         rRot     +     (no cloak)
SustAb + .       Spirit   .     (no gloves)
rMut   .         Warding  .     (no boots)
Saprov . . .     Stasis   .     (no amulet)
MR     .....                    (no ring)
                                s - ring of sustain abilities

@: not resistant to hostile enchantments, extremely unstealthy
A: life protection 1, electricity resistance, unbreathing, petrification
resistance, AC +4
a: no special abilities


You were on level 4 of the Dungeon.
You were not hungry.

You visited 1 branch of the dungeon, and saw 4 of its levels.

You collected 251 gold pieces.

Inventory:

Hand weapons
 Y - a +1,+1 war axe (weapon) {mapnotes,}
Missiles
 g - 46 darts (quivered)
 w - 39 stones
Armour
 b - a +0 scale mail (worn)
 c - a +0 shield (worn)
Comestibles
 a - a chunk of rat flesh
 d - 2 bread rations
 k - an apple
 l - a cheese
 m - a meat ration
 o - a beef jerky
Scrolls
 f - 3 scrolls of remove curse
 h - a scroll of amnesia
 i - 6 scrolls of identify
 n - a scroll of noise {unknown}
 p - a scroll of teleportation
Jewellery
 s - a ring of sustain abilities (left hand)
Potions
 e - a potion of might
 j - a potion of invisibility
 t - 2 potions of curing


   Skills:
 - Level 3.2 Fighting
 * Level 4.0 Axes
 + Level 3.0 Throwing
 - Level 3.2 Armour
 - Level 3.2 Shields


You had 4 spell levels left.
You didn't know any spells.

Dungeon Overview and Level Annotations

Branches:
Dungeon (4/15)
 Temple: D:4-7

Altars:
Elyvilon

Shops:
D:4 [!*


Innate Abilities, Weirdness & Mutations

You are resistant to torment.
You are immune to poison.
You are immune to rotting.
Your stone body is very resilient (AC +4).
You resist negative energy.
You are resistant to electric shocks.
You can survive without breathing.
You are immune to petrification.


Message History

2833 ||| turn
2838 ||| turn
2838 ||| turn
2881 ||| turn
2881 ||| turn
2933 ||| turn
2933 ||| ignoring ogre
2933 ||| turn
2937 ||| turn
2937 ||| FLEEEEING
2938 ||| turn
2939 ||| turn
2939 ||| FLEEEEING
2940 ||| turn
2940 ||| FLEEEEING
2941 ||| turn
2942 ||| turn
2942 ||| FLEEEEING
2944 ||| turn You die...

.............#.#####.###
...............##.......
#.............#.##.###
#.!..8....#..##.##....
#.#.#.###.#...#.##.##.
#.# #.#.###.##.##. #\#
#.....#.##.##. #O#
###.#.#.##.##. #9#
#.....#.......
#8###.....#..#.#..
#............#.#..
#####.....##.#...^
#......#.#...#
###'#..#.#..\#
#.#..#.#...#
#.#....#....
#.#....#..#.


You could see an ogre.

Vanquished Creatures
  A worker ant (D:3)
  Ijyb (D:2)
  Terence (D:2)
  2 adders (D:2)
  2 giant mites
  5 giant geckos
  An ooze (D:3)
  4 orcs (D:3)
  4 giant cockroaches
  7 goblins
  7 hobgoblins
  7 kobolds
  6 bats
  3 giant newts
  12 jackals
  A jackal skeleton (D:4)
  8 rats
72 creatures vanquished.

Notes
Turn   | Place    | Note
--------------------------------------------------------------
     0 | D:1      | xw, the Gargoyle Fighter, began the quest for the Orb.
     0 | D:1      | Reached XP level 1. HP: 14/14 MP: 1/1
    94 | D:1      | Reached skill level 1 in Throwing
    94 | D:1      | Reached XP level 2. HP: 16/19 MP: 2/2
   274 | D:1      | TESTING POTIONS
   275 | D:1      | ignoring butterfly
   275 | D:1      | ignoring kobold
   343 | D:1      | TESTING POTIONS
   344 | D:1      | TESTING SCROLLS
   345 | D:1      | TESTING SCROLLS
   346 | D:1      | TESTING SCROLLS
   662 | D:1      | Reached XP level 3. HP: 23/23 MP: 3/3
   818 | D:1      | Fleeing towards (1,0) corridor
   955 | D:1      | TESTING SCROLLS
   956 | D:1      | TESTING SCROLLS
   957 | D:1      | TESTING SCROLLS
   958 | D:1      | Dropping junk: rotting chunk of hobgoblin flesh
   967 | D:2      | Fleeing towards (-1,-1) corridor
  1200 | D:2      | Fleeing towards (-2,1) corridor
  1221 | D:2      | Noticed Ijyb
  1229 | D:2      | Killed Ijyb
  1229 | D:2      | Reached XP level 4. HP: 28/28 MP: 4/4
  1403 | D:2      | Fleeing towards (-1,0) corridor
  1404 | D:2      | Fleeing towards (-1,0) corridor
  1405 | D:2      | Fleeing towards (-1,0) corridor
  1406 | D:2      | Fleeing towards (-1,0) corridor
  1407 | D:2      | Fleeing towards (-1,1) corridor
  1408 | D:2      | Fleeing towards (-1,0) corridor
  1475 | D:2      | Noticed Terence
  1485 | D:2      | Killed Terence
  1522 | D:2      | Found a white marble altar of Elyvilon.
  1949 | D:2      | WEARING RING 1 encrusted jade ring
  1950 | D:2      | TESTING POTIONS
  1951 | D:2      | TESTING POTIONS
  1952 | D:2      | TESTING POTIONS
  1953 | D:2      | TESTING POTIONS
  1954 | D:2      | TESTING SCROLLS
  1955 | D:2      | TESTING SCROLLS
  1956 | D:2      | TESTING SCROLLS
  1957 | D:2      | TESTING SCROLLS
  1958 | D:2      | TESTING SCROLLS
  1959 | D:2      | TESTING SCROLLS
  1960 | D:2      | TRYING WAND
  1982 | D:2      | Dropping junk: wand of random effects {zapped: 1}
  2006 | D:3      | Reached XP level 5. HP: 32/32 MP: 5/5
  2532 | D:3      | Reached skill level 4 in Axes
  2777 | D:4      | Found Yxzaug's Distillery.
  2876 | D:4      | Found Qov Ofra's General Store.
  2923 | D:4      | Found Staj's Armour Emporium.
  2932 | D:4      | Noticed an ogre
  2933 | D:4      | ignoring ogre
  2937 | D:4      | FLEEEEING
  2939 | D:4      | FLEEEEING
  2940 | D:4      | FLEEEEING
  2942 | D:4      | FLEEEEING
  2944 | D:4      | Demolished by an ogre

Action                   |  1- 3 |  4- 6 || total
-------------------------+-------+-------++-------
Melee: War axe           |   141 |    56 ||   197
Throw: Dart              |    15 |    51 ||    66
Evoke: Wand              |       |     1 ||     1
  Use: Scroll            |     6 |     6 ||    12
       Potion            |     2 |     4 ||     6

Vault maps used:
D:1:      ncdulo_halloftheorcs, st_stairs_6, hangedman_glass_garden
D:2:      elyvilon_altar_5, minmay_misc_feat_doors, kennysheep_nondescript,
          uniq_terence, uniq_iyjb
D:3:      first_bread, small_statue_intersection
D:4:      serial_shops, kennysheep_little_box, shop,
          nicolae_shop_window_shopping, shop_statue, shop,
          minmay_misc_feat_cross, st_stairs_14
